 Dungeon Crawl Stone Soup version 0.21.0-3-g78d12a8 (webtiles) character file.

110 radek the Skirmisher (level 5, -2/33 HPs)
             Began as a Kobold Chaos Knight on Jan 9, 2018.
             Slain by an orc
             ... wielding a +0 flail
              (5 damage)
             ... on level 3 of the Dungeon.
             The game lasted 00:09:18 (1731 turns).

radek the Skirmisher (Kobold Chaos Knight)          Turns: 1731, Time: 00:09:19

Health: -2/33      AC: 13    Str: 10    XL:     5   Next: 14%
Magic:  5/5        EV: 15    Int: 14    God:    Xom [..*...]
Gold:   122        SH:  0    Dex: 14    Spells: 4/4 levels left

rFire    . . .     SeeInvis .   f - +1 short sword (protect)
rCold    . . .     Gourm    .   (shield restricted)
rNeg     . . .     Faith    .   b - +2 leather armour
rPois    .         Spirit   .   e - +0 helmet
rElec    .         Reflect  .   (no cloak)
rCorr    .         Harm     .   (no gloves)
MR       .....                  (no boots)
Stlth    +.........             (no amulet)
HPRegen  0.11/turn              (no ring)
MPRegen  0.09/turn              (no ring)

@: protection aura, slowed, very slow
A: small, carnivore
a: Renounce Religion


You were on level 3 of the Dungeon.
You worshipped Xom.
You were a toy of Xom.
You were not hungry.

You visited 1 branch of the dungeon, and saw 3 of its levels.

You collected 122 gold pieces.

Inventory:

Hand Weapons
 a - a +0 mace of chaos
 f - a +1 short sword of protection (weapon)
Armour
 b - a +2 leather armour (worn)
 e - a +0 helmet (worn)
Jewellery
 k - an uncursed ring of ice {unknown}
Scrolls
 d - a scroll of identify {unknown}
 j - a scroll of remove curse {unknown}
Potions
 g - a potion of agility {unknown}
 h - a potion of might {unknown}
 i - 2 potions of haste {unknown}
Comestibles
 c - 2 rations


   Skills:
 + Level 3.8 Fighting
 + Level 2.2 Short Blades
 + Level 3.2 Maces & Flails
 + Level 1.7 Armour
 + Level 3.5 Dodging
 + Level 0.4 Stealth


You had 4 spell levels left.
You didn't know any spells.

Dungeon Overview and Level Annotations

Branches:
Dungeon (3/15)

Altars:
Cheibriados
Vehumet


Innate Abilities, Weirdness & Mutations

You are small and have problems with some larger weapons.
You are carnivorous and can eat meat at any time.


Message History

You hit the orc.
The orc is severely wounded.
The orc hits you but does no damage. The orc misses you.
The orc hits you but does no damage. The orc completely misses you.
The orc closely misses you.
You hit the orc.
You kill the orc!
The orc completely misses you. The orc closely misses you.
The orc closely misses you.
Items here: ))) [[ † You barely miss the orc.
The orc hits you but does no damage.
You hit the orc.
The orc is severely wounded.
The orc misses you. The orc hits you with a dagger.
* * * LOW HITPOINT WARNING * * *
You hit the orc.
You kill the orc!
The orc hits you with a flail.
You die...
Xom yawns loudly!

*#.#.#.##.. ,,,*
#.#.#.##.#######
#).(..<#.......#
###.##..#.....#.#
#...<....)....#.#
#.##.#.##.#.....#
######........###
* #..######.# * *
#.....@o..# ,*
#...#.b##..# ,
*#.#.#bb ...#
,*..#.##b##.## *
*, ,* , .. ..# ,,
*, #.*### * **
,>#. * ****
***#.*


You could see an orc.

Vanquished Creatures
  An orc wizard (D:3)
  3 adders
  2 dart slugs
  A leopard gecko (D:1)
  3 orcs (D:3)
  2 giant cockroaches (D:1)
  8 goblins
  5 hobgoblins
  2 quokkas (D:2)
  3 bats
  A frilled lizard (D:1)
  7 kobolds
  8 rats
46 creatures vanquished.

Notes
Turn   | Place    | Note
-------+----------+-------------------------------------------
     0 | D:1      | radek the Kobold Chaos Knight began the quest for the Orb.
     0 | D:1      | Reached XP level 1. HP: 14/14 MP: 1/1
   149 | D:1      | XOM: silly message
   150 | D:1      | Reached XP level 2. HP: 17/19 MP: 2/2
   304 | D:1      | XOM: divination: detect items
  1016 | D:2      | XOM: divination: detect items
  1021 | D:1      | Reached skill level 1 in Armour
  1021 | D:1      | Reached XP level 3. HP: 20/24 MP: 3/3
  1055 | D:2      | XOM: potion effect (might)
  1132 | D:2      | Reached XP level 4. HP: 15/29 MP: 4/4
  1222 | D:2      | Found a radiant altar of Vehumet.
  1235 | D:2      | Found a snail-covered altar of Cheibriados.
  1311 | D:2      | Reached skill level 1 in Short Blades
  1562 | D:2      | XOM: harmless Erth miscast
  1713 | D:3      | XOM: divination: magic mapping
  1721 | D:3      | XOM: harmless Chrm miscast
  1722 | D:3      | XOM: butterfly on damage
  1725 | D:3      | Reached XP level 5. HP: 3/33 MP: 5/5
  1731 | D:3      | Slain by an orc

Skill      XL: |  1  2  3  4 |
---------------+-------------+-----
Maces & Flails | 3 |  3.2
Armour         | 1 |  1.7
Dodging        | 3 |  3.5
Short Blades   | 2 |  2.2
Fighting       | |  3.8
Stealth        | |  0.4

Action                   |  1- 3 |  4- 6 || total
-------------------------+-------+-------++-------
Melee: Mace              |    72 |       ||    72
       Short sword       |    42 |    79 ||   121
 Stab: Sleeping          |     1 |       ||     1
  Eat: Ration            |       |     1 ||     1
       Chunk             |       |     1 ||     1
Armor: Leather armour    |    52 |    38 ||    90
Dodge: Dodged            |   133 |    97 ||   230
